 Dungeon Crawl Stone Soup version 0.29.1-12-g30fa7ad0bf (webtiles) character file.

Game seed: 11147502828393824121

3916 Lutefisk the Zephyrmancer (level 10, 0/60 HPs)
             Began as a Tengu Air Elementalist on Dec 21, 2022.
             Was an Initiate of Sif Muna.
             Killed from afar by Joseph (11 damage)
             ... with a bolt of light
             ... on level 8 of the Dungeon.
             The game lasted 00:29:24 (4218 turns).

Lutefisk the Zephyrmancer (Tengu Air Elementalist)  Turns: 4218, Time: 00:29:25

Health: 0/60       AC:  5    Str:  8    XL:     10   Next: 20%
Magic:  12/18      EV: 17    Int: 19    God:    Sif Muna [......]
Gold:   416        SH:  4    Dex: 14    Spells: 9/19 levels left

rFire   . . .      SeeInvis +   G - +1 whip (elec)
rCold   + . .      Faith    .   (no shield)
rNeg    . . .      Spirit   .   a - +0 robe
rPois   .          Reflect  .   (helmet restricted)
rElec   .          Harm     .   y - +0 cloak
rCorr   .          Rampage  .   B - +0 pair of gloves
Will    .....                   (boots unavailable)
Stlth   ++........              v - amulet of magic regeneration
HPRegen 0.20/turn               d - ring of see invisible
MPRegen 0.56/turn               s - ring of protection from cold

@: flying quickly and evasively, quick
A: beak, talons 3, nimble flight, large bone plates 1, clumsy 1, subdued magic 1
a: Renounce Religion


You were on level 8 of the Dungeon.
You worshipped Sif Muna.
Sif Muna was noncommittal.
You visited 2 branches of the dungeon, and saw 9 of its levels.
You also visited: Sewer.

You collected 416 gold pieces.

Inventory:

Hand Weapons
 G - a +1 whip of electrocution (weapon)
 J - a +4 trident of freezing
 N - a +2 scimitar of flaming
Missiles
 r - 2 javelins (quivered)
 D - 6 poisoned darts
Armour
 a - a +0 robe (worn)
 y - a +0 cloak (worn)
 B - a +0 pair of gloves (worn)
Jewellery
 d - a ring of see invisible (left hand)
 f - an amulet of the acrobat
 m - an amulet of faith
 s - a ring of protection from cold (right hand)
 v - an amulet of magic regeneration (around neck)
 A - a ring of wizardry
Wands
 i - a wand of roots (24)
 p - a wand of polymorph (8)
 L - a wand of mindburst (17)
Scrolls
 c - 6 scrolls of teleportation {unknown}
 h - a scroll of acquirement {unknown}
 k - 2 scrolls of vulnerability {unknown}
 l - 4 scrolls of identify
 w - 2 scrolls of torment {unknown}
 x - 4 scrolls of silence {unknown}
 z - 2 scrolls of butterflies {unknown}
 C - 2 scrolls of noise {unknown}
 F - a scroll of enchant weapon {unknown}
 H - a scroll of magic mapping {unknown}
 K - 3 scrolls of poison {unknown}
 M - a scroll of blinking {unknown}
Potions
 b - a potion of magic
 e - 2 potions of might {unknown}
 g - 6 potions of mutation
 j - 2 potions of attraction
 n - 2 potions of curing
 o - a potion of experience {unknown}
 q - a potion of invisibility {unknown}
 t - 3 potions of brilliance
 u - a potion of cancellation {unknown}
 E - a potion of heal wounds


   Skills:
 - Level 6.0 Fighting
 - Level 6.0 Armour
 * Level 6.3 Dodging
 - Level 3.0 Stealth
 - Level 5.0 Spellcasting
 - Level 5.0 Conjurations
 - Level 10.0 Air Magic
 - Level 2.0 Invocations
 - Level 3.0 Evocations


You had 9 spell levels left.
You knew the following spells:

 Your Spells              Type           Power      Damage    Failure   Level
a - Shock                 Conj/Air       100%       1d9       1%          1
b - Static Discharge      Conj/Air       25%        3-7/arc   1%          2
c - Swiftness             Air            32%        N/A       1%          3
d - Airstrike             Air            16%        2d(3-19)  1%          4

Your spell library contained the following spells:

 Spells                   Type           Power      Damage    Failure   Level
 Ensorcelled Hibernation  Hex/Ice        6%         N/A       16%         2
 Call Canine Familiar     Summ           3%         N/A       32%         3
 Portal Projectile        Hex/Tloc       6%         N/A       32%         3
 Spider Form              Tmut/Pois      3%         N/A       32%         3
 Anguish                  Hex/Necr       1%         N/A       73%         4
 Leda's Liquefaction      Hex/Erth       1%         N/A       73%         4


Dungeon Overview and Level Annotations

Branches:
Dungeon (8/15)             Temple (1/1) D:4           Sewer (visited)
   Lair: D:8-11

Altars:
Ashenzari
Cheibriados
Dithmenos
Fedhas
Gozag
Hepliaklqana
Kikubaaqudgha
Makhleb
Nemelex Xobeh
Okawaru
Ru
Sif Muna
Trog
Uskayaw
Vehumet
Wu Jian
Zin

Shops:
D:6 :

Annotations:
D:8 Joseph


Innate Abilities, Weirdness & Mutations

You have a beak for a mouth.
You have claws for feet.
Your magical nature lets you fly swiftly and evasively.
You are partially covered in large bone plates. (SH +4)
You are clumsy. (Dex -2)
Your spells are a little easier to cast, but a little less powerful.


Message History

Casting: Shock (safe; 1% risk of failure)
Confirm with . or Enter, or press ? or * to list all spells.
Aiming: Shock (safe; 1% risk of failure)
Press: ? - help, Shift-Dir - straight line The zap hits the centaur.
You kill the centaur!
Sif Muna accepts your kill.
Unknown command.
u - a bubbling white potion You see here a +0 shortbow.
A yak and Joseph come into view.
Joseph is wielding a +0 quarterstaff and carrying a wand of light (1).
Joseph hits you with a +0 quarterstaff.
* * * LOW HITPOINT WARNING * * *
You feel much better. You block Joseph's attack.
Casting: Shock (safe; 1% risk of failure)
Confirm with . or Enter, or press ? or * to list all spells.
Aiming: Airstrike (dangerous; 1% risk of failure)
Press: ? - help, Dir - move target, f - Joseph
Aim: Joseph, wielding a +0 quarterstaff, wearing a +0 leather armour, quivering stones and carrying a wand of light (1) (empty space bonus: 6/8)
The air twists around and strikes Joseph.
Joseph is lightly wounded.
A yak comes into view.
Joseph hits you with a +0 quarterstaff!
* * * LOW HITPOINT WARNING * * *
Okay, then.
Casting: Airstrike (dangerous; 1% risk of failure)
Confirm with . or Enter, or press ? or * to list all spells.
Joseph is struck by an arc of lightning!
Joseph is lightly wounded.
You are struck by an arc of lightning.
* * * LOW HITPOINT WARNING * * *
Joseph is struck by an arc of lightning.
Joseph is lightly wounded.
You are struck by an arc of lightning.
* * * LOW HITPOINT WARNING * * *
The lightning grounds out.
Joseph says, "I'm here to kill trespassers.
I like my job."
Joseph zaps a wand.
The bolt of light hits you!
You die...

#.......#...##..###########
#..<[.......##.......†.....
#.......#...##.############
##..)..###<###.#
##...####.###.#
##.##........###
#.............#
##..#.##)#####.#
#####...#.##@#.## .#
#.......#.#..@..# .
#.#.#....#.......# #.
#.#.#####.#..........#
#.#.# ####.#....... #.#.#
#......... #.#.# #...Y.....
#.#.########....?....
#.#.......... .....YY


You could see Joseph and a yak.

Vanquished Creatures
  Erica (D:8)
  3 wyverns (D:8)
  A steam dragon (D:8)
  3 water moccasins
  4 black bears
  2 ice beasts (D:7)
  4 ogres
  2 centaurs
  A bullfrog (D:6)
  A necrophage (D:6)
  3 wights (D:7)
  6 killer bees (D:8)
  A howler monkey (D:4)
  5 jellies
  2 hounds
  5 orc priests
  2 iguanas
  3 orc wizards
  Natasha (twice) (D:2)
  Robin (D:2)
  17 adders
  4 gnolls (D:7)
  4 river rats (Sewer)
  An ufetubus (D:5)
  2 dart slugs (D:2)
  19 orcs
  4 endoplasms
  4 giant cockroaches
  8 goblins
  8 hobgoblins
  5 jackals (Sewer)
  4 kobolds
  6 quokkas
  10 ball pythons
  7 bats
  7 frilled lizards
  5 rats
167 creatures vanquished.

Vanquished Creatures (others)
  An orc (D:8)
  A bush (D:8)
  3 fungi (D:8)
  25 plants (D:8)
30 creatures vanquished.

Grand Total: 197 creatures vanquished

Notes
Turn   | Place    | Note
-------+----------+-------------------------------------------
     0 | D:1      | Lutefisk the Tengu Air Elementalist began the quest for the
                  | Orb.
     0 | D:1      | Reached XP level 1. HP: 10/10 MP: 4/4
    74 | D:1      | Reached skill level 1 in Fighting
   119 | D:1      | You fall into a shaft and drop 1 floor!
   130 | D:2      | Reached XP level 2. HP: 10/16 MP: 1/6
   219 | D:2      | Noticed Robin
   230 | D:2      | Killed Robin
   231 | D:2      | Reached XP level 3. HP: 13/22 MP: 0/7
   255 | D:2      | Learned a level 2 spell: Static Discharge
   335 | D:2      | Noticed Natasha
   443 | D:2      | Reached XP level 4. HP: 19/29 MP: 2/8
   455 | D:2      | Noticed an ogre
   533 | D:2      | Killed Natasha
   550 | D:3      | Gained mutation: Your magical nature lets you fly swiftly
                  | and evasively. [Tengu growth]
   550 | D:3      | Reached XP level 5. HP: 16/33 MP: 0/9
   697 | D:3      | Reached skill level 5 in Air Magic
   798 | D:2      | Learned a level 3 spell: Swiftness
   813 | D:2      | Killed an ogre
   814 | D:2      | Reached skill level 6 in Air Magic
   814 | D:2      | Reached XP level 6. HP: 26/38 MP: 1/10
   865 | D:2      | Noticed Natasha
   883 | D:2      | Killed Natasha
   884 | D:2      | Reached skill level 1 in Armour
  1241 | D:4      | Found a staircase to the Ecumenical Temple.
  1248 | Temple   | Entered the Ecumenical Temple
  1558 | D:4      | Found a glowing drain.
  1562 | Sewer    | Entered a sewer
  1571 | Sewer    | Reached skill level 7 in Air Magic
  1815 | Sewer    | Reached XP level 7. HP: 20/43 MP: 8/11
  1836 | Sewer    | Gained mutation: Your spells are a little easier to cast,
                  | but a little less powerful. [potion of mutation]
  1836 | Sewer    | Gained mutation: You are clumsy. (Dex -2) [potion of
                  | mutation]
  1836 | Sewer    | Gained mutation: You are partially covered in large bone
                  | plates. (SH +4) [potion of mutation]
  2178 | D:4      | Reached skill level 8 in Air Magic
  2265 | D:5      | Entered Level 5 of the Dungeon
  2719 | D:6      | Learned a level 4 spell: Airstrike
  2795 | D:6      | Reached XP level 8. HP: 18/48 MP: 9/12
  2977 | D:6      | Found Hyz Ric's Book Emporium.
  3122 | D:6      | Identified the +3 chain mail of the Vacuum {Harm Int+5
                  | Dex+4}
  3153 | D:7      | Reached skill level 1 in Evocations
  3222 | D:7      | Reached skill level 9 in Air Magic
  3235 | D:7      | Noticed a wyvern
  3305 | D:7      | Reached skill level 10 in Air Magic
  3306 | D:7      | Reached XP level 9. HP: 48/52 MP: 4/16
  3315 | D:7      | Reached skill level 5 in Dodging
  3465 | D:7      | Found a shimmering blue altar of Sif Muna.
  3465 | D:7      | Found an ancient bone altar of Kikubaaqudgha.
  3470 | D:7      | Became a worshipper of Sif Muna the Loreminder
  3690 | D:8      | Noticed Erica
  3699 | D:8      | Killed Erica
  3700 | D:8      | Reached skill level 5 in Fighting
  3700 | D:8      | Reached skill level 5 in Armour
  3748 | D:8      | Reached skill level 5 in Spellcasting
  4078 | D:8      | Reached XP level 10. HP: 55/60 MP: 15/18
  4197 | D:8      | Reached skill level 5 in Conjurations
  4214 | D:8      | Noticed Joseph
  4218 | D:8      | Killed from afar by Joseph

Illustrated notes

Levels and vault maps discovered:
D:1:      dpeg_arrival_stone_temple_mockup, layout_loops_ring,
          ebering_ecumenical_altar_box, dreamdust_princess_corridor
D:2:      layout_loops_corners, basic_altar, uniq_robin, uniq_natasha
D:3:      layout_loops_ring
D:4:      layout_loops_cross, minmay_temple_entry_wispy, gup_sewer_entry_bowl
D:5:      layout_loops_corners
D:6:      layout_gridville, serial_shops, nicolae_shop_trees
D:7:      layout_cave_pods, jmf_multi_god_temple, serial_glass, glass_columns_a,
          glass_columns_a
D:8:      lemuel_slime, layout_loops_ring, minmay_lair_entry_grove, uniq_joseph,
          uniq_erica, uniq_amaemon
Temple:   regret_index_temple_waves

Skill      XL: |  1  2  3  4  5  6  7  8  9 10 |
---------------+-------------------------------+-----
Fighting       | 1 2 3 4 6 |  6.0
Conjurations   | 2 4 5 |  5.0
Air Magic      | 6 7 8 10 | 10.0
Armour         | 1 3 4 5 6 |  6.0
Dodging        | 3 4 6 |  6.3
Spellcasting   | 4 5 |  5.0
Evocations     | 2 3 |  3.0
Stealth        | 3 |  3.0
Invocations    | 2 |  2.0

Action                   |  1- 3 |  4- 6 |  7- 9 | 10-12 || total
-------------------------+-------+-------+-------+-------++-------
Melee: Kick              |     8 |     4 |     6 |       ||    18
       Unarmed           |     1 |     7 |       |       ||     8
       Whip              |    16 |    45 |    28 |     1 ||    90
       Peck              |     2 |     9 |     5 |       ||    16
Throw: Javelin           |       |       |     1 |       ||     1
 Cast: Shock             |    29 |    49 |    51 |    21 ||   150
       Static Discharge  |     2 |    14 |    40 |     7 ||    63
       Swiftness         |       |     1 |       |       ||     1
       Airstrike         |       |       |    42 |     5 ||    47
  Use: Potion            |       |       |     2 |     2 ||     4
       Scroll            |       |       |       |     2 ||     2
 Stab: Sleeping          |       |     2 |     1 |       ||     3
Armor: Robe              |     3 |    11 |    11 |     4 ||    29
       Skin              |       |     1 |       |       ||     1
Dodge: Dodged            |    12 |    60 |    47 |    15 ||   134
Block: Other             |       |       |     8 |     3 ||    11
